 Dungeon Crawl Stone Soup version 0.29-a0-791-ga0f254aafb (webtiles) character file.

Game seed: 6877951335617028686

91 Malachi the Shooter (level 4, 0/33 HPs)
             Began as a Demonspawn Hunter on July 3, 2022.
             Slain by a sky beast (6 damage)
             ... on level 6 of the Dungeon.
             The game lasted 00:02:47 (1612 turns).

Malachi the Shooter (Demonspawn Hunter)             Turns: 1612, Time: 00:02:48

Health: 0/33       AC:  3    Str: 11    XL:     4   Next: 34%
Magic:  4/4        EV: 12    Int: 11    God:
Gold:   73         SH:  0    Dex: 18    Spells: 3/3 levels left

rFire   . . .      SeeInvis .   a - +0 shortbow (freeze)
rCold   . . .      Faith    .   (shield currently unavailable)
rNeg    . . .      Spirit   .   n - +0 robe
rPois   .          Reflect  .   (helmet restricted)
rElec   .          Harm     .   m - +0 cloak
rCorr   .          Rampage  .   (no gloves)
Will    .....                   (no boots)
Stlth   ++........              (no amulet)
HPRegen 0.11/turn               (no ring)
MPRegen 0.09/turn               (no ring)

@: no status effects
A: antennae 1, ignite blood 1, powered by death 1
a: no special abilities


You were on level 6 of the Dungeon.
You visited 1 branch of the dungeon, and saw 4 of its levels.

You collected 73 gold pieces.

Inventory:

Hand Weapons
 a - a +0 shortbow of freezing (weapon)
 e - a +0 long sword
 j - a +1 dagger of draining
Armour
 c - a +0 leather armour
 l - a +0 helmet
 m - a +0 cloak (worn)
 n - a +0 robe (worn)
Scrolls
 b - a scroll of immolation
 d - a scroll of brand weapon
 f - a scroll of identify
 g - a scroll of enchant weapon
 o - a scroll of blinking {unknown}
 p - a scroll of amnesia {unknown}
 q - a scroll of vulnerability {unknown}
 r - 3 scrolls of teleportation {unknown}
 s - a scroll of poison {unknown}
Potions
 h - 2 potions of curing {unknown}
 k - a potion of magic {unknown}


   Skills:
 - Level 2.0 Fighting
 * Level 5.3 Ranged Weapons
 - Level 1.7 Dodging
 - Level 0.8 Stealth


You had 3 spell levels left.
You didn't know any spells.
Your spell library contained the following spells:

 Spells                   Type           Power      Damage    Failure   Level
 Dazzling Flash           Conj/Hex       0%         N/A       71%         3
 Iskenderun's Mystic Bla  Conj/Tloc      0%         2d3       98%         4
 Starburst                Conj/Fire      0%         6d3       100%        6


Dungeon Overview and Level Annotations

Branches:
Dungeon (3/15)

Altars:

Shops:
D:1 *


Innate Abilities, Weirdness & Mutations

You have a pair of small antennae on your head.
Your demonic aura sometimes causes spilled blood to erupt in flames.
You regenerate a little health from kills.


Message History

2 orc wizards come into view.
An orc wizard is wielding a +0 dagger of venom.
An orc comes into view. It is wielding a +0 hand axe.
A sky beast comes into view.
The orc wizard shouts!
You hear a bark!
An orc priest comes into view. It is wielding a +0 whip.
A hound comes into view.
The orc priest miscasts a cantrip.
The orc wizard gestures wildly while chanting.
The orc wizard flickers and vanishes!
Deactivating autopickup; reactivate with Ctrl-A.
You hear a shout!
Found 8 gold pieces.
You hear a shout!
Really read the scroll of immolation? [Y]es or [N]o only, please.
Really read the scroll of immolation?
Okay, then.
As you read the scroll labelled CABICESAGI, it crumbles to dust.
You feel aware of your surroundings.
It was a scroll of magic mapping.
The orc wizard shouts!
The orc wizard gestures wildly while chanting.
The orc wizard flickers and vanishes!
The sky beast hits you. The sky beast shocks you.
The sky beast attacks as you move away! The sky beast barely misses you.
The orc attacks as you move away! The orc closely misses you.
The sky beast attacks as you move away! The sky beast completely misses you.
The hound bites you. The hound bites you but does no damage.
The hound bites you. The hound attacks as you move away! The hound bites you.
The sky beast misses you. The sky beast attacks as you move away!
The sky beast misses you. The hound bites you but does no damage.
The orc priest calls down the wrath of Beogh upon you.
Beogh smites you!
* * * LOW HITPOINT WARNING * * *
The sky beast attacks as you move away! The sky beast hits you.
* * * LOW HITPOINT WARNING * * *
The sky beast shocks you.
You die...

,,,,,,,,,*+**** ,,,,,,,,,,,,,,*
,,,***,,,,,,,,* ,,,* *,,,,,,,,*
,,,* *,,,,,,,,* *,** *,,,,,,,,*
*,* *,*****######## *,* *,*
#......#####******* *,***#,*
###.sh@.......*,,,,,*
,,,,*#.####....Y...#.#..*,***,*
,,,,,.$....oo.....##,,,,*,* *,*
,,,,*#............#*,*,,*,* *,*
,,,,,..###........#*,****,* *,*
....#.............#*,,,,,,* *,*
,...#...##.#......#**********,*
,...#.............# *****,,,,,*
..#....####.#######
*,,,*,*******


You could see a sky beast, a scorpion, a hound, an orc priest and an orc.

Vanquished Creatures
  4 gnolls (D:3)
  An adder (D:2)
  2 worms (D:2)
  A dart slug (D:3)
  3 orcs (D:3)
  2 endoplasms (D:2)
  A giant cockroach (D:3)
  4 hobgoblins
  A kobold (D:1)
  2 quokkas
  3 ball pythons
  5 bats
  3 goblins
  2 rats
34 creatures vanquished.

Notes
Turn   | Place    | Note
-------+----------+-------------------------------------------
     0 | D:1      | Malachi the Demonspawn Hunter began the quest for the Orb.
     0 | D:1      | Reached XP level 1. HP: 16/16 MP: 1/1
   122 | D:1      | Reached skill level 4 in Ranged Weapons
   132 | D:1      | Gained mutation: You regenerate a little health from kills.
                  | [demonic ancestry]
   132 | D:1      | Reached XP level 2. HP: 22/22 MP: 2/2
   247 | D:1      | Found Toohieji's General Store.
   948 | D:2      | Gained mutation: Your demonic aura sometimes causes spilled
                  | blood to erupt in flames. [demonic ancestry]
   948 | D:2      | Reached XP level 3. HP: 20/27 MP: 3/3
  1373 | D:3      | Reached skill level 5 in Ranged Weapons
  1378 | D:3      | Gained mutation: You have a pair of small antennae on your
                  | head. [demonic ancestry]
  1378 | D:3      | Reached XP level 4. HP: 31/33 MP: 4/4
  1579 | D:3      | You fall into a shaft and drop 3 floors!
  1585 | D:6      | Noticed a scorpion
  1600 | D:6      | Noticed a sky beast
  1612 | D:6      | Slain by a sky beast

Illustrated notes

Levels and vault maps discovered:
D:1:      dpeg_arrival_solitude, layout_rooms, serial_shops, shop,
          minmay_pentomino_z2
D:2:      layout_rooms, nicolae_elevator_lobby_plus
D:3:      layout_basic, minmay_starry_boxes
D:6:      layout_basic, minmay_a_box_with_orc_wizards_in_it, uniq_pikel

Skill      XL: |  1  2  3 |
---------------+----------+-----
Ranged Weapons | 4 5 |  5.3
Fighting       | |  2.0
Dodging        | |  1.7
Stealth        | |  0.8

Action                   |  1- 3 |  4- 6 || total
-------------------------+-------+-------++-------
 Fire: Shortbow          |    73 |    15 ||    88
  Use: Scroll            |     2 |     1 ||     3
Armor: Robe              |     2 |     2 ||     4
Dodge: Dodged            |    10 |     5 ||    15

Table legend: (Time is in decaauts)
 A = Elapsed time spent in this place.
 B = Non-inter-level travel time spent in this place.
 C = Inter-level travel time spent in this place.
 D = Time resting spent in this place.
 E = Time spent auto-exploring this place.
 F = Levels seen in this place.
 G = Mean time per level.
                   A        B        C        D        E       F      G
               +--------+--------+--------+--------+--------+-----+--------+
         Total |   1635 |   1542 |     93 |    295 |    983 |   4 |  408.8 |
       Dungeon |   1635 |   1542 |     93 |    295 |    983 |   4 |  408.8 |
               +--------+--------+--------+--------+--------+-----+--------+

Top non-repeatable levels by time:
     D:1: 763 daAuts
     D:2: 591 daAuts
     D:3: 247 daAuts
     D:6: 32 daAuts
